 Dungeon Crawl Stone Soup version 0.21.1-1-g345015fe64 (webtiles) character file.

780 KamiKatze the Conjurer (level 7, -10/50 HPs)
             Began as a White Draconian Conjurer on Feb 22, 2018.
             Splashed by Pikel's acid (12 damage)
             ... on level 5 of the Dungeon on Feb 23, 2018.
             The game lasted 00:28:56 (5096 turns).

KamiKatze the Conjurer (White Draconian Conjurer)   Turns: 5096, Time: 00:28:57

Health: -10/50     AC:  6    Str: 10    XL:     7   Next: 55%
Magic:  11/13      EV: 12    Int: 18    God:
Gold:   191        SH:  0    Dex: 11    Spells: 0/14 levels left

rFire    . . .     SeeInvis .   b - +2 hand axe (venom)
rCold    + . .     Gourm    .   (no shield)
rNeg     . . .     Faith    .   (armour unavailable)
rPois    .         Spirit   .   (helmet restricted)
rElec    .         Reflect  .   (no cloak)
rCorr    .         Harm     .   (no gloves)
MR       .....                  (no boots)
Stlth    ++........             u - amulet of rage
HPRegen  0.16/turn              (no ring)
MPRegen  0.13/turn              (no ring)

@: no status effects
A: breathe frost, unfitting armour, cold resistance 1, cold-blooded, AC +6
a: Breathe Frost, Evoke Berserk Rage


You were on level 5 of the Dungeon.
You were not hungry.

You visited 1 branch of the dungeon, and saw 5 of its levels.
You also visited: Sewer.

You collected 191 gold pieces.

Inventory:

Hand Weapons
 a - a +0 short sword
 b - a +2 hand axe of venom (weapon)
 e - a +0 dagger
 q - a +1 whip of pain
 r - a +0 blowgun
 y - a +1 dagger of protection
Missiles
 s - 44 poisoned needles
Armour
 n - a +0 buckler
 t - a +0 shield
Jewellery
 f - an uncursed ring of ice
 u - an amulet of rage (around neck)
Scrolls
 i - 3 scrolls of remove curse
 j - a scroll of teleportation
 k - a scroll of enchant armour
 o - a scroll of fear
 v - a scroll of immolation {unknown}
 w - a scroll of enchant weapon {unknown}
Potions
 d - 3 potions of heal wounds
 h - 3 potions of flight
 l - 3 potions of haste
 m - 8 potions of curing
 p - 4 potions of brilliance {unknown}
 x - a potion of might {unknown}
Books
 g - a book of Conjurations

   Spells                             Type                      Level
   a - Magic Dart                     Conjuration                  1
   b - Searing Ray                    Conjuration                  2
   c - Dazzling Spray                 Conjuration/Hexes            3
   d - Fulminant Prism                Conjuration/Hexes            4
   e - Force Lance                    Conjuration/Translocation    4
   f - Iskenderun's Mystic Blast      Conjuration                  4
Comestibles
 c - 4 rations


   Skills:
 - Level 1.7 Dodging
 - Level 2.6 Stealth
 + Level 4.2 Spellcasting
 * Level 7.2 Conjurations
 + Level 3.1 Hexes


You couldn't memorise any spells.
You knew the following spells:

 Your Spells              Type           Power        Failure   Level  Hunger
a - Magic Dart            Conj           ####         1%          1    None
b - Searing Ray           Conj           ####..       1%          2    ##.....
c - Dazzling Spray        Conj/Hex       ###...       4%          3    ###....
d - Iskenderun's Mystic   Conj           ####....     7%          4    ####...
e - Fulminant Prism       Conj/Hex       ###.......   17%         4    ####...


Dungeon Overview and Level Annotations

Branches:
Dungeon (5/15)
 Temple: D:4-7

Altars:
Cheibriados
Fedhas
Gozag
Trog

Annotations:
D:3 2 transporters
D:5 Pikel


Innate Abilities, Weirdness & Mutations

You can breathe waves of freezing cold.
You can buffet flying creatures when you breathe cold.
Your icy white scales are hard. (AC +6)
You cannot fit into any form of body armour.
Your flesh is cold resistant. (rC+)
You are cold-blooded and may be slowed by cold attacks.


Message History

The searing ray hits the slave.
The slave is severely wounded.
The slave hits you.
* * * LOW HITPOINT WARNING * * *
The searing ray hits the slave.
The slave is almost dead.
You finish channeling your searing ray.
The slave barely misses you.
Things that are here:
a trident of freezing; a robe Pikel shouts!
The slave shouts!
A slave comes into view.
The slave closely misses you.
The slave shouts!
The slave hits you.
* * * LOW HITPOINT WARNING * * *
Pikel zaps a wand.
The bolt of acid hits you!
* * * LOW HITPOINT WARNING * * *
You are splashed with acid!
The acid burns!
You die...

#......# #......#
#......# #......#
#......#
###########
###..#####
..........###....#
#######...##..##.#
########..p.@.###.#
#........K.####
#)######
#..........#
#......## .K
#.......p..#
##.......##
...##..........#
#>...[....#
.......>.......#
#.........#
...#....p.[.p..#
#.........#
...............#
#.........#
...............#
#.........#


You could see Pikel and 2 slaves.

Vanquished Creatures
  2 ogres
  Blork the orc (D:5)
  A crimson imp (D:4)
  3 hounds
  Natasha (thrice) (D:4)
  4 worker ants
  A hound skeleton (D:5)
  A gnoll (D:1)
  8 adders
  5 river rats (Sewer)
  3 worms
  A dart slug (D:3)
  4 leopard geckos
  9 ball pythons
  6 bats
  2 giant cockroaches (D:1)
  9 goblins
  9 hobgoblins
  A quokka (D:3)
  7 frilled lizards
  26 kobolds
  A quokka skeleton (D:4)
  27 rats
134 creatures vanquished.

Notes
Turn   | Place    | Note
-------+----------+-------------------------------------------
     0 | D:1      | KamiKatze the Draconian Conjurer began the quest for the Orb.
     0 | D:1      | Reached XP level 1. HP: 14/14 MP: 3/3
   199 | D:1      | Reached XP level 2. HP: 18/20 MP: 5/5
   203 | D:1      | Learned a level 2 spell: Searing Ray
   719 | D:1      | Reached XP level 3. HP: 26/26 MP: 0/6
   728 | D:1      | Learned a level 3 spell: Dazzling Spray
  1421 | D:2      | Found an opulent altar of Gozag.
  1523 | D:2      | Reached skill level 5 in Conjurations
  2064 | D:3      | Found a transporter.
  2065 | D:3      | Found a transporter.
  2066 | D:3      | Noticed an orc warrior
  2079 | D:3      | Found a blossoming altar of Fedhas.
  2079 | D:3      | Found a snail-covered altar of Cheibriados.
  2079 | D:3      | Found a bloodstained altar of Trog.
  2116 | D:3      | Reached XP level 4. HP: 33/33 MP: 8/8
  2192 | D:3      | Reached skill level 1 in Hexes
  2345 | D:3      | Found a glowing drain.
  2358 | Sewer    | Entered a sewer
  2703 | Sewer    | Reached XP level 5. HP: 29/38 MP: 5/9
  3638 | D:3      | Learned a level 4 spell: Iskenderun's Mystic Blast
  3881 | D:4      | Reached skill level 6 in Conjurations
  3936 | D:3      | Reached XP level 6. HP: 29/45 MP: 1/11
  4078 | D:4      | Noticed Natasha
  4589 | D:4      | Killed Natasha
  4607 | D:4      | Noticed Natasha
  4615 | D:4      | Killed Natasha
  4709 | D:4      | Noticed Natasha
  4717 | D:4      | Killed Natasha
  4756 | D:5      | Entered Level 5 of the Dungeon
  4763 | D:5      | Your scales start taking on an icy white colour.
  4763 | D:5      | Reached XP level 7. HP: 44/50 MP: 8/12
  4763 | D:5      | Gained mutation: Your flesh is cold resistant. (rC+) [White Draconian growth]
  4819 | D:5      | Reached skill level 7 in Conjurations
  4908 | D:5      | Noticed Pikel
  4951 | D:5      | Noticed Blork the orc
  4967 | D:5      | Killed Blork the orc
  4974 | D:5      | Learned a level 4 spell: Fulminant Prism
  5096 | D:5      | HP: 2/50 [Pikel/wand of acid (13) (10)]
  5096 | D:5      | Splashed by Pikel's acid

Skill      XL: |  1  2  3  4  5  6  7 |
---------------+----------------------+-----
Conjurations   | 5 6 7 |  7.2
Hexes          | 1 2 3 |  3.1
Spellcasting   | 3 4 |  4.2
Stealth        | 2 |  2.6
Dodging        | |  1.7

Action                   |  1- 3 |  4- 6 |  7- 9 || total
-------------------------+-------+-------+-------++-------
Melee: Short sword       |    75 |   135 |       ||   210
       Tailslap          |     7 |    12 |     5 ||    24
       Dagger            |    47 |       |       ||    47
       Hand axe          |       |    10 |    29 ||    39
 Cast: Magic Dart        |    40 |    41 |     6 ||    87
       Searing Ray       |     4 |    19 |     2 ||    25
       Dazzling Spray    |       |     3 |       ||     3
  Use: Scroll            |    10 |     2 |       ||    12
       Potion            |       |     1 |       ||     1
 Stab: Sleeping          |     3 |     2 |     1 ||     6
  Eat: Chunk             |     4 |     7 |     1 ||    12
       Ration            |       |     1 |       ||     1
Armor: Skin              |    51 |    55 |    11 ||   117
Dodge: Dodged            |   101 |   150 |    28 ||   279
